 Dungeon Crawl Stone Soup version 0.28.0-53-g5a82cb258f (webtiles) character file.

Game seed: 15459323490391131800

103 Sin92 the Skirmisher (level 4, -5/35 HPs)
             Began as a Demonspawn Fighter on July 3, 2022.
             Was a Follower of Dithmenos.
             Killed by an exploding frilled lizard (21 damage)
             ... ignited by their inner flame
             ... on level 1 of the Dungeon.
             The game lasted 00:02:32 (1875 turns).

Sin92 the Skirmisher (Demonspawn Fighter)           Turns: 1875, Time: 00:02:32

Health: -5/35      AC:  6    Str: 17    XL:     4   Next: 51%
Magic:  4/4        EV:  9    Int:  9    God:    Dithmenos [*.....]
Gold:   36         SH:  5    Dex: 14    Spells: 3/3 levels left

rFire   . . .      SeeInvis .   h - +5 short sword
rCold   . . .      Faith    .   c - +0 buckler
rNeg    . . .      Spirit   .   b - +0 scale mail
rPois   .          Reflect  .   (no helmet)
rElec   .          Harm     .   (no cloak)
rCorr   .          Rampage  .   (no gloves)
Will    .....                   (no boots)
Stlth   ..........              (no amulet)
HPRegen 0.11/turn               (no ring)
MPRegen 0.09/turn               (no ring)

@: wreathed by umbra
A: spiny 1, demonic touch 2
a: Renounce Religion


You were on level 1 of the Dungeon.
You worshipped Dithmenos.
Dithmenos was aware of your devotion.
You visited 1 branch of the dungeon, and saw 2 of its levels.

You collected 36 gold pieces.

Inventory:

Hand Weapons
 a - a +0 war axe
 h - a +5 short sword (weapon)
Armour
 b - a +0 scale mail (worn)
 c - a +0 buckler (worn)
 g - a +0 pair of gloves
Scrolls
 e - a scroll of identify
Potions
 d - a potion of might
 i - a potion of invisibility


   Skills:
 + Level 3.5 Fighting
 * Level 1.4 Short Blades
 - Level 2.1 Axes
 + Level 3.1 Armour
 + Level 0.9 Dodging
 + Level 1.1 Stealth
 + Level 3.1 Shields


You had 3 spell levels left.
You didn't know any spells.
Your spell library was empty.

Dungeon Overview and Level Annotations

Branches:
Dungeon (2/15)

Altars:
Dithmenos

Annotations:
D:2 Terence


Innate Abilities, Weirdness & Mutations

You are partially covered in sharp spines.
Your touch may inflict irresistible damage on your foes.


Message History

Unknown command.
There are monsters nearby!
You are too injured to fight recklessly!
As you read the scroll labelled DAREHU QUIZYG, it crumbles to dust.
The creatures around you are filled with an inner flame!
It was a scroll of immolation.
Terence closely misses you. The frilled lizard bites you.
As you read the scroll labelled XEVEOKUMAQ, it crumbles to dust.
It is a scroll of identify.
You don't have any unidentified items.
Terence closely misses you. The frilled lizard bites you.
You aren't carrying any pieces of jewellery.
Unknown command.
The frilled lizard barely misses you. You block Terence's attack.
The frilled lizard bites you but does no damage.
You see here an adder corpse.
Found a stone staircase leading up.
A bat comes into view.
The bat closely misses you. Terence says, "How do you enjoy it?"
The bat hits you but does no damage. You block the bat's attack.
Okay, then.
You aren't carrying any items that you can evoke.
You block the bat's attack. The bat hits you but does no damage.
The bat completely misses you.
There is a stone staircase leading up here.
You can't go down here!
The bat hits you but does no damage.
The frilled lizard bites you but does no damage.
The bat hits you but does no damage.
You climb upwards.
There is a stone staircase leading down here.
You block the frilled lizard's attack.
The frilled lizard is struck by your spines.
Dithmenos accepts your kill.
The frilled lizard explodes!
The fiery explosion engulfs you!!
Ouch! That really hurt!
You die...

##....#########.....
####..........##.......
#................#.#...
#.............####.#...
#......(......# #.#.##
#.............# #.#.#
#...§§§.......# #.#.#
#...§§§......># #.#.#
#...§§@.......# #.#.##
#.........##### #.....
########.## #..... #.#
#..... #.# #..... #.#
#..... #.# ####)....
###.### ##..÷.....
#.....###.........


There were no monsters in sight!

Vanquished Creatures
  A centaur skeleton (D:2)
  3 gnolls (D:2)
  2 adders (D:2)
  A dart slug (D:2)
  An endoplasm (D:1)
  A giant cockroach (D:1)
  2 goblins (D:1)
  4 hobgoblins
  2 quokkas (D:1)
  3 ball pythons
  3 bats
  3 frilled lizards
  A kobold (D:1)
  6 rats
33 creatures vanquished.

Notes
Turn   | Place    | Note
-------+----------+-------------------------------------------
     0 | D:1      | Sin92 the Demonspawn Fighter began the quest for the Orb.
     0 | D:1      | Reached XP level 1. HP: 18/18 MP: 1/1
   362 | D:1      | Discovered your monstrous ancestry.
   362 | D:1      | Gained mutation: Your touch may inflict minor irresistible
                  | damage on your foes. [demonic ancestry]
   362 | D:1      | Reached XP level 2. HP: 24/24 MP: 2/2
   583 | D:1      | Found a faded altar of an unknown god.
   753 | D:1      | Prayed at the altar of an unknown god.
   753 | D:1      | Became a worshipper of Dithmenos the Shadowed
   753 | D:1      | Reached * piety under Dithmenos
  1117 | D:2      | Gained mutation: Your touch may inflict irresistible damage
                  | on your foes. [demonic ancestry]
  1117 | D:2      | Reached XP level 3. HP: 12/29 MP: 3/3
  1352 | D:2      | Reached skill level 1 in Short Blades
  1501 | D:2      | Gained mutation: You are partially covered in sharp spines.
                  | [demonic ancestry]
  1501 | D:2      | Reached XP level 4. HP: 20/35 MP: 4/4
  1817 | D:2      | Reached skill level 1 in Stealth
  1851 | D:2      | Noticed Terence
  1875 | D:1      | Killed by an exploding frilled lizard... ignited by their
                  | inner flame

Illustrated notes

Levels and vault maps discovered:
D:1:      onia_arrival_pentagram, layout_rooms, shapermc_ecumenical_altar_venn
D:2:      layout_rooms, minmay_misc_feat_rows, minmay_diced_spiral, uniq_terence

Skill      XL: |  1  2  3  4 |
---------------+-------------+-----
Axes           | 2 |  2.1
Armour         | 3 |  3.1
Shields        | 3 |  3.1
Short Blades   | 1 |  1.4
Stealth        | 1 |  1.1
Fighting       | |  3.5
Dodging        | |  0.9

Action                   |  1- 3 |  4- 6 || total
-------------------------+-------+-------++-------
Melee: War axe           |    40 |       ||    40
       Short sword       |    35 |    15 ||    50
  Use: Scroll            |       |     5 ||     5
Armor: Scale mail        |    41 |     8 ||    49
Dodge: Dodged            |    29 |    11 ||    40
Block: Buckler           |    18 |     6 ||    24
